woodfighter, chaotic female human Rogue ----------- |.i@.f...<| |..[......+ ----.-I---- woodfighter the Cutpurse Experience level: 3 Strength: 13 Dexterity: 18 Constitution: 15 Intelligence: 9 Wisdom: 15 Charisma: 9 Health: 0(29) Energy: 11(11) Def: 3 Gold: 15 Moves: 1791 Dungeon seed: NC1xsvrL0Z7P4YBY Game ID: woodfighter_1556392832 Your Inventory: Coins $ - 15 gold pieces Weapons a - a +0 short sword (weapon in hand) b - 14 +0 daggers (in quiver) Armor e - an uncursed +1 leather armor (being worn) q - a blessed +0 orcish helm Comestibles l - 2 uncursed eucalyptus leaves p - an uncursed sprig of wolfsbane x - an uncursed magic bean z - an uncursed egg H - an uncursed tripe ration Wands h - a wand of opening (0:3) Tools s - an uncursed sack y - an uncursed lock pick W - an uncursed blindfold Gems n - an uncursed worthless piece of black glass Contents of the sack: 324 gold pieces a [uncursed] scroll of enchant weapon a [blessed] scroll of identify a [uncursed] scroll of identify a [cursed] scroll of remove curse a [uncursed] scroll of scare monster 2 [uncursed] scrolls of teleportation a [blessed] potion of oil an uncursed potion of sickness 2 [uncursed] potions of water 2 [uncursed] worthless pieces of red glass a [uncursed] worthless piece of white glass a [uncursed] worthless piece of yellow glass a [uncursed] worthless piece of yellowish brown glass Spells and supernatural/magical abilities: Name Level Category Fail Memory W - pray for help -- divine ? -- Your skills at the end: Miscellaneous Skills wands [Basic] Weapon Skills dagger [Basic] short sword [Basic] Spellcasting Skills Final Attributes: You were piously aligned. You were very stealthy. You are dead. Vanquished creatures: a large kobold a gecko 2 hobgoblins a giant rat a brown mold 5 manes a jackal 5 newts 6 sewer rats a lichen 2 kobold zombies 26 creatures vanquished. Voluntary challenges: You did not adorn yourself with jewelry or accessories. You did not cause conflict. You were not invisible. You did not have reflection. You were not displaced. You were an atheist. You used a wielded weapon 47 times, starting on turn 16. You did not apply a unicorn horn. You did not use plumbed fixtures. You did not drink any magical draughts. You were illiterate. You never genocided any monsters. You never polymorphed an object. You never changed form. You used no wishes. You never split a pudding. You never wrote Elbereth's name. You never violated your personal moral code. Dungeon overview: The Dungeons of Doom: levels 1 to 5 Level 1 some fountains a long staircase Level 2 Level 3 (water) a general store, some fountains stairs to The Gnomish Mines Level 4 (vault) Level 5 <- You were here The Gnomish Mines: Level 4 stairs to The Dungeons of Doom History has recorded: On T:1 you entered the Dungeons of Doom to retrieve the Amulet of Yendor! On T:146 you reached level 2 of The Dungeons of Doom. On T:517 you reached level 4 of The Dungeons of Doom. On T:523 you reached level 5 of The Dungeons of Doom. On T:650 you reached level 3 of The Dungeons of Doom. On T:681 you advanced to experience level 2. On T:1319 you reached level 1 of The Gnomish Mines. On T:1390 you advanced to experience level 3. Score breakdown: Gold: 339 ( 33 points) Experience: 3 levels ( 200 points) Exploration: 5 levels ( 120 points) Discoveries: 14 items ( 700 points) Variety of kills: 11 monsters ( 550 points) Major goal: (nothing yet) ( 0 points) Survival: died (score multiplied by 3) Total score: 4809 Latest messages: H - a tripe ration. Nowhere else around here can be automatically explored. Where do you want to travel to? The door opens. You stop exploring. The vial crashes on your head and breaks into shards. This burns a little! You stab the tengu. The tengu pecks! You stab the tengu. Something touches kitty. The tengu pecks! Kitty misses the hobgoblin. You stab the tengu. Kitty bites the hobgoblin. The hobgoblin wields a crude dagger! The tengu pecks! You stab the tengu. The hobgoblin thrusts her crude dagger at you. The hobgoblin stabs you! The tengu pecks! Kitty bites the hobgoblin. The hobgoblin is killed! You stab the tengu. The tengu pecks! (2x) You die... Final status: Goodbye woodfighter the Rogue, killed by a tengu... You died in The Dungeons of Doom on dungeon level 5 with 4809 points, and 339 pieces of gold, after 1791 moves. You were level 3 with a maximum of 29 hit points when you died.